 Dungeon Crawl Stone Soup version 0.19-b1-3-g7dea586 (webtiles) character file.

413 scalarboson the Destroyer (level 6, -4/36 HPs)
             Began as a High Elf Conjurer on Oct 28, 2016.
             Slain by glosham's ghost (14 damage)
             ... on level 4 of the Dungeon.
             The game lasted 00:11:47 (4182 turns).

scalarboson the Destroyer (High Elf Conjurer)       Turns: 4182, Time: 00:11:48

Health: -4/36      AC:  4    Str:  7    XL:     6   Next: 59%
Magic:  2/10       EV: 13    Int: 22    God:
Gold:   145        SH:  0    Dex: 15    Spells: 3 memorised, 2 levels left

rFire  . . .     SeeInvis .     j - staff of air
rCold  . . .     Gourm    .     a - +0 robe
rNeg   . . .     Faith    .     (no shield)
rPois  .         Spirit   .     (no helmet)
rElec  +         Reflect  .     (no cloak)
rCorr  .         Harm     .     (no gloves)
MR     .....                    n - +1 pair of boots
Stlth  ++........               (no amulet)
                                (no ring)
                                (no ring)

@: lethally poisoned (-4 -> -5)
A: no striking features
a: no special abilities


You were on level 4 of the Dungeon.
You were not hungry.

You visited 1 branch of the dungeon, and saw 4 of its levels.

You collected 145 gold pieces.

Inventory:

Armour
 a - a +0 robe (worn)
 n - a +1 pair of boots (worn)
Magical Staves
 j - an uncursed staff of air (weapon)
Wands
 f - a wand of iceblast (4/15)
 i - a wand of digging (14/24)
 l - a wand of random effects (17/48)
Scrolls
 g - a scroll of remove curse
 k - a scroll of identify
 o - a scroll of enchant armour
Potions
 m - a potion of curing
Books
 b - a book of Conjurations

   Spells                             Type                      Level
   a - Magic Dart                     Conjuration                  1
   b - Searing Ray                    Conjuration                  2
   c - Dazzling Spray                 Conjuration/Hexes            3
   d - Fulminant Prism                Conjuration/Hexes            4
   e - Iskenderun's Mystic Blast      Conjuration                  4
   f - Iskenderun's Battlesphere      Conjuration/Charms           5
 d - a book of Minor Magic

   Spells                             Type                      Level
   a - Magic Dart                     Conjuration                  1
   b - Blink                          Translocation                2
   c - Call Imp                       Summoning                    2
   d - Repel Missiles                 Charms/Air                   2
   e - Slow                           Hexes                        2
   f - Conjure Flame                  Conjuration/Fire             3
   g - Mephitic Cloud                 Conjuration/Poison/Air       3
Comestibles
 c - 2 bread rations


   Skills:
 - Level 2.1 Dodging
 - Level 2.1 Stealth
 - Level 2.4 Spellcasting
 + Level 8.8 Conjurations


You had 2 spell levels left.
You knew the following spells:

 Your Spells              Type           Power        Failure   Level  Hunger
a - Magic Dart            Conj           ####         1%          1    None
b - Iskenderun's Mystic   Conj           #####...     4%          4    ####...
c - Blink                 Tloc           N/A          21%         2    ##.....


Dungeon Overview and Level Annotations

Branches:
Dungeon (4/15)
 Temple: D:4-7

Altars:
Xom

Annotations:
D:3 Sigmund
D:4 glosham's ghost, novice OgAr


Message History

You feel sick.
You open the door.
You feel sick. Glosham's ghost hits you!
There is an open door, spattered with blood here.
You feel sick. Glosham's ghost closely misses you.
Glosham's ghost completely misses you.
You feel sick.
You see here a howler monkey corpse.
What are your orders? t - Shout!
Orders for allies: a - Attack new target. r - Retreat! s - Stop attacking. g - Guard the area. f - Follow me.
Anything else - Cancel.
Okay, then.
As you read the scroll labeled TOLAMI SOYHURPH, it crumbles to dust.
The scroll dissolves into smoke.
It was a scroll of fog.
Okay, then.
You feel sick. Glosham's ghost hits you!
You die...

###### ####### #.....
#.....# ###.#### #.###.#
#...# ##'###†#
########'#####
#....§§####............#
#....§§W@..............##
##.....§§§#...............
+....#.§.§#...............
##...#.......######.#.....
##..#....#..# ...#....#
.........#..####)..#....#
#...................#.....
+...................#.....
#.........................


You could see glosham's ghost.

Vanquished Creatures
  A scorpion (D:4)
  A howler monkey (D:4)
  A crimson imp (D:3)
  An orc wizard (D:4)
  A centaur skeleton (D:4)
  Ijyb (D:3)
  A worker ant (D:4)
  Natasha (thrice) (D:2)
  5 adders
  An adder skeleton (D:4)
  2 worms
  3 leopard geckos
  6 orcs
  6 bats
  3 giant cockroaches
  8 goblins
  5 hobgoblins
  2 kobolds (D:1)
  5 frilled lizards
  11 rats
67 creatures vanquished.

Notes
Turn   | Place    | Note
-------+----------+-------------------------------------------
     0 | D:1      | scalarboson the High Elf Conjurer began the quest for the Orb.
     0 | D:1      | Reached XP level 1. HP: 11/11 MP: 4/4
   370 | D:1      | Reached XP level 2. HP: 5/17 MP: 4/6
   433 | D:1      | Reached skill level 5 in Conjurations
  1138 | D:2      | Reached XP level 3. HP: 21/21 MP: 2/7
  1455 | D:2      | Noticed Natasha
  1460 | D:2      | Killed Natasha
  1460 | D:2      | Reached skill level 6 in Conjurations
  1460 | D:2      | Reached XP level 4. HP: 24/27 MP: 2/8
  1551 | D:2      | Noticed Natasha
  1555 | D:2      | Killed Natasha
  1620 | D:2      | Learned a level 4 spell: Iskenderun's Mystic Blast
  1926 | D:2      | Noticed Natasha
  1933 | D:2      | Killed Natasha
  2206 | D:3      | Reached skill level 7 in Conjurations
  2206 | D:3      | Reached XP level 5. HP: 21/31 MP: 9/9
  2383 | D:3      | Noticed Sigmund
  2722 | D:3      | Noticed Ijyb
  2736 | D:3      | Killed Ijyb
  3131 | D:3      | Found a shimmering altar of Xom.
  3582 | D:4      | Reached skill level 8 in Conjurations
  3625 | D:4      | Reached XP level 6. HP: 28/36 MP: 3/10
  3959 | D:4      | Learned a level 2 spell: Blink
  4166 | D:4      | Noticed glosham's ghost (novice OgAr)
  4182 | D:4      | Slain by glosham's ghost

Skill      XL: |  1  2  3  4  5 |
---------------+----------------+-----
Conjurations   | 5 6 7 8 |  8.8
Dodging        | |  2.1
Stealth        | |  2.1
Spellcasting   | |  2.4

Action                   |  1- 3 |  4- 6 || total
-------------------------+-------+-------++-------
Melee: Mace              |    52 |    42 ||    94
       Staff             |       |    98 ||    98
 Cast: Magic Dart        |    33 |    98 ||   131
       Iskenderun's Myst |       |     2 ||     2
  Use: Scroll            |       |     7 ||     7
       Potion            |       |     8 ||     8
 Stab: Sleeping          |     5 |     4 ||     9
  Eat: Chunk             |     2 |     4 ||     6
       Meat ration       |       |     1 ||     1
Armor: Robe              |    13 |    40 ||    53
Dodge: Dodged            |    41 |   126 ||   167
